 Dungeon Crawl Stone Soup version 0.19.1-1-g22dce08 (webtiles) character file.

1008 zkyp the Martial Artist (level 8, 0/57 HPs)
             Began as a Demonspawn Hunter on Dec 31, 2016.
             Asphyxiated
             ... in a sewer.
             The game lasted 00:10:52 (6576 turns).

zkyp the Martial Artist (Demonspawn Hunter)         Turns: 6576, Time: 00:10:53

Health: 0/57       AC: 10    Str: 13    XL:     8   Next: 1%
Magic:  0/8        EV:  6    Int: 14    God:
Gold:   192        SH:  5    Dex: 16    Spells: 0 memorised, 7 levels left

rFire  . . .     SeeInvis .       - Unarmed
rCold  . . .     Gourm    .     h - +0 chain mail (curse)
rNeg   . . .     Faith    .     (no shield)
rPois  .         Spirit   +     (no helmet)
rElec  .         Reflect  +     r - +0 cloak
rCorr  .         Harm     .     (no gloves)
MR     .....                    s - +0 pair of boots
Stlth  ..........               u - +5 amulet of reflection
                                n - +2 ring of intelligence
                                (no ring)

@: lethally poisoned (0 -> -37), slowed, very slow
A: claws 2, talons 1, blink, demonic guardian 1, evolution 1, magic shield
a: Blink


You were in a sewer.
You were not hungry.

You visited 1 branch of the dungeon, and saw 5 of its levels.
You also visited: Sewer.

You collected 192 gold pieces.

Inventory:

Hand Weapons
 b - a +1 hand crossbow
 j - a +0 short sword
 m - a +0 dagger of electrocution
Missiles
 d - 12 bolts
 k - 16 poisoned needles
 w - 5 needles of confusion
Armour
 c - a +0 leather armour
 h - a cursed +0 chain mail (worn)
 r - a +0 cloak (worn)
 s - a +0 pair of boots (worn)
 y - a +0 ring mail
 B - a +1 leather armour of cold resistance
Jewellery
 a - an uncursed amulet of guardian spirit {unknown}
 n - a +2 ring of intelligence (right claw)
 q - an uncursed ring of fire
 u - a +5 amulet of reflection (around neck)
Wands
 e - a wand of flame (4/48)
 g - a wand of confusion (11/48)
Scrolls
 l - 2 scrolls of amnesia
 p - a scroll of fear
 t - a scroll of teleportation {unknown}
 v - a scroll of fog {unknown}
Potions
 x - a potion of magic {unknown}
Comestibles
 f - 4 bread rations {@e1}
 i - 3 meat rations {@e2}
 o - 4 beef jerkies
 A - a chunk of flesh


   Skills:
 - Level 2.6 Fighting
   Level 0.3 Axes
 - Level 3.6 Crossbows
 - Level 1.7 Dodging
 - Level 0.8 Stealth
 + Level 8.2 Unarmed Combat


You had 7 spell levels left.
You didn't know any spells.

Dungeon Overview and Level Annotations

Branches:
Dungeon (5/15)
 Temple: D:4-7

Altars:
Ashenzari
Dithmenos
Sif Muna
Zin


Innate Abilities, Weirdness & Mutations

You have very sharp fingernails.
You have sharp toenails.
A weak demonic guardian rushes to your aid.
When hurt, damage is shared between your health and your magic reserves.
You can translocate small distances at will.
You evolve.


Message History

The curare-tipped needle hits you.
You are lethally poisoned!
You have difficulty breathing.
* * * LOW HITPOINT WARNING * * *
You feel as though you will be slow longer.
The kobold hits you with a dagger.
* * * LOW HITPOINT WARNING * * *
It was a potion of mutation.
You feel extremely strange.
You feel nature experimenting on you.
Don't worry, failures die fast.
Your fingernails sharpen.
You feel jittery.
* * * LOW HITPOINT WARNING * * *
You feel very sick.
The kobold shoots a curare-tipped needle.
The curare-tipped needle completely misses you.
You block the kobold's attack.
The kobold shoots a curare-tipped needle.
The curare-tipped needle hits you.
You are more poisoned.
You have difficulty breathing.
You die...

##### ###.†∩# #####
#...######...#### ### ##≈
...#####....(...##..#.!#≈
....##..........@#.....#≈
................K).K..#
.................#.....#≈
...........≈≈≈≈≈≈#..#.!#≈
.≈≈≈≈≈≈≈≈≈≈≈≈≈≈≈≈#### ##≈
≈≈≈≈≈≈≈≈≈≈≈≈≈≈≈≈≈≈≈
≈≈≈≈≈≈≈≈≈≈≈≈≈≈≈≈≈≈≈≈
≈≈≈≈≈≈≈≈≈≈≈≈≈≈≈≈≈≈≈≈
..≈≈≈≈≈≈≈≈≈≈≈≈≈≈≈


You could see 2 kobolds.

Vanquished Creatures
  Pikel (D:5)
  The ghost of esteth the Ducker, an amateur MfGl (D:3)
  Edmund (D:2)
  A slave (D:5)
  A howler monkey (D:2)
  An orc priest (D:3)
  3 worker ants
  5 adders
  A howler monkey skeleton (D:4)
  A river rat (Sewer)
  3 worms
  4 leopard geckos
  15 orcs
  A ball python (D:1)
  4 giant cockroaches
  6 goblins
  7 hobgoblins
  13 jackals
  7 bats
  6 frilled lizards
  A jackal skeleton (D:4)
  4 kobolds
  11 rats
98 creatures vanquished.

Vanquished Creatures (collateral kills)
  An ice beast (D:5)
1 creature vanquished.

Grand Total: 99 creatures vanquished

Notes
Turn   | Place    | Note
-------+----------+-------------------------------------------
     0 | D:1      | zkyp the Demonspawn Hunter began the quest for the Orb.
     0 | D:1      | Reached XP level 1. HP: 16/16 MP: 1/1
   219 | D:1      | Gained mutation: You have sharp fingernails. [demonic ancestry]
   219 | D:1      | Reached XP level 2. HP: 23/23 MP: 2/2
   611 | D:1      | Reached skill level 1 in Unarmed Combat
   928 | D:2      | Reached XP level 3. HP: 22/28 MP: 3/3
   931 | D:2      | Reached skill level 2 in Unarmed Combat
  1733 | D:3      | Noticed esteth's ghost (amateur MfGl)
  2054 | D:3      | Found a shadowy altar of Dithmenos.
  2706 | D:3      | Reached skill level 3 in Unarmed Combat
  2706 | D:3      | Gained mutation: When hurt, damage is shared between your health and your magic reserves. [demonic ancestry]
  2706 | D:3      | Reached XP level 4. HP: 17/34 MP: 4/4
  3145 | D:3      | Found a deep blue altar of Sif Muna.
  3149 | D:3      | Found a shattered altar of Ashenzari.
  3659 | D:4      | Reached skill level 4 in Unarmed Combat
  3659 | D:4      | Reached XP level 5. HP: 12/39 MP: 1/5
  3683 | D:4      | HP: 2/58 [poisoned by a worker ant]
  3691 | D:4      | HP: 2/58 [poisoned by a worker ant]
  4256 | D:4      | Noticed Edmund
  5261 | D:2      | Reached skill level 5 in Unarmed Combat
  5423 | D:2      | Killed Edmund
  5423 | D:2      | Gained mutation: A weak demonic guardian rushes to your aid. [demonic ancestry]
  5423 | D:2      | Reached XP level 6. HP: 35/46 MP: 2/6
  5812 | D:3      | Killed esteth's ghost
  5812 | D:3      | Reached skill level 6 in Unarmed Combat
  6006 | D:5      | Entered Level 5 of the Dungeon
  6132 | D:5      | Found a glowing silver altar of Zin.
  6158 | D:5      | Reached XP level 7. HP: 21/51 MP: 4/7
  6173 | D:5      | Found a glowing drain.
  6180 | D:5      | Noticed Pikel
  6198 | D:5      | Paralysed by Pikel for 3 turns
  6211 | D:5      | Killed Pikel
  6211 | D:5      | Reached skill level 8 in Unarmed Combat
  6244 | Sewer    | Entered a sewer
  6494 | Sewer    | Gained mutation: You have sharp toenails. [demonic ancestry]
  6494 | Sewer    | Reached XP level 8. HP: 46/57 MP: 8/8
  6576 | Sewer    | Gained mutation: You evolve. [potion of mutation]
  6576 | Sewer    | Gained mutation: You have very sharp fingernails. [potion of mutation]
  6576 | Sewer    | Gained mutation: You can translocate small distances at will. [potion of mutation]
  6576 | Sewer    | Asphyxiated

Skill      XL: |  1  2  3  4  5  6  7 |
---------------+----------------------+-----
Unarmed Combat | 1 3 4 5 6 8 |  8.2
Fighting       | |  2.6
Axes           | |  0.3
Crossbows      | |  3.6
Dodging        | |  1.7
Stealth        | |  0.8

Action                   |  1- 3 |  4- 6 |  7- 9 || total
-------------------------+-------+-------+-------++-------
Melee: Hand axe          |     4 |       |       ||     4
       Unarmed           |   150 |   206 |    40 ||   396
       Punch             |       |     1 |       ||     1
       Dagger            |       |    15 |       ||    15
 Fire: Hand crossbow     |    26 |    19 |       ||    45
Evoke: Wand              |       |     9 |     2 ||    11
  Use: Scroll            |     8 |     1 |       ||     9
       Potion            |     3 |     3 |     1 ||     7
 Stab: Sleeping          |     2 |     1 |       ||     3
       Distracted        |     1 |     1 |     2 ||     4
       Invisible         |       |     1 |       ||     1
       Confused          |       |     4 |       ||     4
  Eat: Chunk             |     6 |    10 |     2 ||    18
Armor: Leather armour    |    41 |    15 |       ||    56
       Skin              |       |     7 |       ||     7
       Chain mail        |       |    56 |    17 ||    73
Dodge: Dodged            |   109 |    61 |    10 ||   180
Block: Other             |    25 |    39 |    12 ||    76
